 Dungeon Crawl Stone Soup version 0.27.1-33-g824d729ab1 (webtiles) character file.

Game seed: 1831145536024656939

28 Garessta the Vexing (level 2, 0/19 HPs)
             Began as a Vampire Enchanter on Dec 11, 2021.
             Slain by an adder (3 damage)
             ... on level 2 of the Dungeon.
             The game lasted 00:03:10 (1178 turns).

Garessta the Vexing (Vampire Enchanter)             Turns: 1178, Time: 00:03:10

Health: 0/19       AC:  4    Str:  7    XL:     2   Next: 96%
Magic:  0/5        EV: 12    Int: 17    God:
Gold:   79         SH:  0    Dex: 14    Spells: 2/5 levels left

rFire    . . .     SeeInvis +   a - +1 dagger
rCold    . . .     Faith    .   (no shield)
rNeg     . . .     Spirit   +   b - +0 robe
rPois    .         Reflect  .   e - +1 hat
rElec    .         Harm     .   (no cloak)
rCorr    .         Rampage  .   (no gloves)
Will     .....                  g - +0 pair of boots
Stlth    +++.......             k - amulet of guardian spirit
HPRegen  0.26/turn              (no ring)
MPRegen  0.09/turn              (no ring)

@: lethally poisoned (0 -> -3), healing quickly, hasted, very quick
A: alive, fangs 3, see invisible, vampiric 1
a: Exsanguinate


You were on level 2 of the Dungeon.
You visited 1 branch of the dungeon, and saw 2 of its levels.

You collected 79 gold pieces.

Inventory:

Hand Weapons
 a - a +1 dagger (weapon)
Missiles
 c - a throwing net
Armour
 b - a +0 robe (worn)
 e - a +1 hat (worn)
 g - a +0 pair of boots (worn)
Jewellery
 k - an amulet of guardian spirit (around neck)
Scrolls
 i - a scroll of immolation {unknown}
 l - a scroll of teleportation {unknown}
Potions
 d - a potion of haste
 f - a potion of curing {unknown}
 h - 2 potions of flight {unknown}
 j - a potion of brilliance {unknown}


   Skills:
 - Level 1.1 Short Blades
 - Level 2.1 Dodging
 + Level 5.1 Stealth
 - Level 2.0 Spellcasting
 * Level 5.6 Hexes


You had 2 spell levels left.
You knew the following spells:

 Your Spells              Type           Power      Damage    Failure   Level
a - Corona                Hex            22%        N/A       1%          1
b - Ensorcelled Hibernat  Hex/Ice        22%        N/A       9%          2

Your spell library contained the following spells:

 Spells                   Type           Power      Damage    Failure   Level
 Confusing Touch          Hex            20%        N/A       5%          3
 Tukima's Dance           Hex            20%        N/A       5%          3
 Dazzling Flash           Conj/Hex       22%        N/A       19%         3


Dungeon Overview and Level Annotations

Branches:
Dungeon (2/15)

Altars:


Innate Abilities, Weirdness & Mutations

Your natural rate of healing is accelerated.
You have razor-sharp teeth.
You have supernaturally acute eyesight. (SInv)
You are afflicted with vampirism.


Message History

Aim: an adder (chance to affect: 50%)
The adder resists with some effort.
Aiming: Ensorcelled Hibernation (safe; 9% risk of failure)
Press: ? - help, Q - select action, (/) - cycle Shift-Dir - straight line, f/p - adder
Aim: an adder (chance to affect: 50%)
The adder resists with some effort.
The adder bites you.
You don't have enough magic to cast this spell.
You don't have enough magic to cast this spell.
The adder completely misses you. The adder bites you but does no damage.
The adder bites you but does no damage.
Aiming: Ensorcelled Hibernation (safe; 9% risk of failure)
Press: ? - help, Q - select action, (/) - cycle Shift-Dir - straight line, f/p - adder
Aim: an adder (chance to affect: 50%)
The adder resists with some effort.
The adder bites you.
You closely miss the adder. The adder closely misses you.
You miss the adder. The adder bites you but does no damage.
The adder bites you.
You are poisoned.
The adder poisons you!
You miss the adder.
You feel sick. The adder barely misses you.
You closely miss the adder. Your bite misses the adder.
You feel sick. The adder bites you.
You hit the adder.
The adder is moderately wounded.
You feel sick. The adder barely misses you.
You miss the adder.
The adder is moderately wounded.
You feel sick.
You are no longer poisoned.
The adder bites you but does no damage. The adder bites you.
* * * LOW HITPOINT WARNING * * *
You are lethally poisoned!
The adder poisons you!
It was a potion of haste.
You feel yourself speed up.
* * * LOW HITPOINT WARNING * * *
You feel sick. The adder bites you.
You die...

###..........## ..#
#...###......###...#
#.### #............+
#.).###.......##...#
###.##......†.## .#
#.##.>...........
#.##.....###..##.
#.####S#+#.....#
#...#@.....♣♣♣...
###.#.....♣♣ ♣...
#######......♣♣ ♣..
#...........♣♣
#.#####....♣♣
###....♣ #......♣
#.#....♣ ...#....♣


You could see an adder.

Vanquished Creatures
  An adder skeleton (D:2)
  A dart slug (D:1)
  4 endoplasms
  A giant cockroach (D:1)
  3 goblins (D:1)
  2 quokkas
  A ball python (D:1)
  A bat (D:1)
  A frilled lizard (D:1)
  3 kobolds
  4 rats (D:1)
22 creatures vanquished.

Notes
Turn   | Place    | Note
-------+----------+-------------------------------------------
     0 | D:1      | Garessta the Vampire Enchanter began the quest for the Orb.
     0 | D:1      | Reached XP level 1. HP: 13/13 MP: 3/3
   282 | D:1      | Reached skill level 5 in Hexes
   282 | D:1      | Reached XP level 2. HP: 19/19 MP: 5/5
   285 | D:1      | Learned a level 2 spell: Ensorcelled Hibernation
   738 | D:1      | Reached skill level 5 in Stealth
  1178 | D:2      | Slain by an adder

Illustrated notes

Levels and vault maps discovered:
D:1:      co_arrival_hexagon_in_a_hexagon, layout_loops_corners,
          item_on_display_a
D:2:      layout_basic, dilly_ecumenical_altar_fadedgnrine, minmay_between

Skill      XL: |  1  2 |
---------------+-------+-----
Hexes          | 5 |  5.6
Stealth        | 5 |  5.1
Short Blades   | |  1.1
Dodging        | |  2.1
Spellcasting   | |  2.0

Action                   || total
-------------------------++-------
Melee: Dagger            ||    63
       Bite              ||     2
 Cast: Ensorcelled Hiber ||    15
       Corona            ||     2
  Use: Potion            ||     1
 Stab: Sleeping          ||    16
Armor: Robe              ||    10
Dodge: Dodged            ||    31
